 Dungeon Crawl Stone Soup version 0.19-a0-821-gf489216 (webtiles) character file.

29 epen the Grasshopper (level 3, -6/30 HPs)
             Began as a Ghoul Warper on June 29, 2016.
             Mangled by a gnoll
             ... wielding a +0 flail of pain
              (14 damage)
             ... on level 1 of the Dungeon.
             The game lasted 00:02:01 (767 turns).

epen the Grasshopper (Ghoul Warper)                  Turns: 767, Time: 00:02:02

Health: -6/30      AC:  3    Str: 14    XL:     3   Next: 16%
Magic:  5/5        EV: 11    Int:  9    God:
Gold:   16         SH:  0    Dex:  8    Spells: 1 memorised, 5 levels left

rFire  . . .     SeeInvis .       - Unarmed
rCold  + . .     Gourm    .     a - +0 leather armour
rNeg   + + +     Faith    .     (no shield)
rPois  ∞         Spirit   .     (no helmet)
rElec  .         Dismiss  .     (no cloak)
rCorr  .         Reflect  .     (no gloves)
SustAt .         Harm     .     (no boots)
MR     .....                    (no amulet)
Stlth  +.........               (no ring)
                                (no ring)

@: rotting, not resistant to hostile enchantments, very unstealthy
A: rotting body, claws 1, carnivore 3, cold resistance 1, negative energy
resistance 3, slow regeneration 1, torment resistance, unbreathing
a: no special abilities


You were on level 1 of the Dungeon.
You were not hungry.

You visited 1 branch of the dungeon, and saw 2 of its levels.

You collected 16 gold pieces.

Inventory:

Missiles
 d - 5 tomahawks of dispersal (quivered)
Armour
 a - a +0 leather armour (worn)
Scrolls
 c - 2 scrolls of blinking
 e - a scroll of fear {unknown}
 g - 2 scrolls of noise {unknown}
 h - a scroll of remove curse {unknown}
 i - a scroll of enchant weapon {unknown}
 n - a scroll of teleportation {unknown}
Potions
 j - a potion of brilliance {unknown}
 k - 2 potions of degeneration {unknown}
 m - a potion of lignification {unknown}
 o - a potion of resistance {unknown}
Books
 b - a book of Spatial Translocations

   Spells                             Type                      Level
   a - Apportation                    Translocation                1
   b - Blink                          Translocation                2
   c - Shroud of Golubria             Charms/Translocation         2
   d - Portal Projectile              Translocation                3
   e - Teleport Other                 Translocation                3
   f - Passage of Golubria            Translocation                4
Comestibles
 f - 3 meat rations
 l - 3 chunks of flesh


   Skills:
 + Level 2.4 Fighting
 + Level 1.1 Throwing
 - Level 0.8 Armour
 + Level 1.8 Dodging
 + Level 2.4 Unarmed Combat
 * Level 2.1 Spellcasting
 * Level 3.1 Translocations


You had 5 spell levels left.
You knew the following spells:

 Your Spells              Type           Power        Failure   Level  Hunger
a - Apportation           Tloc           #.........   12%         1    ##.....


Dungeon Overview and Level Annotations

Branches:
Dungeon (2/15)

Altars:


Innate Abilities, Weirdness & Mutations

Your body is rotting away.
You thrive on raw meat.
You are immune to poison.
You have sharp fingernails.
You are carnivorous and can eat meat at any time.
Your flesh is cold resistant. (rC+)
You are immune to negative energy. (rN+++)
You regenerate slowly when monsters are visible.
You are immune to unholy pain and torment.
You can survive without breathing.


Message History

The gnoll hits you with a flail of pain!
You see here a chunk of flesh.
l - 3 chunks of flesh (gained 1)
The gnoll barely misses you.
The gnoll hits you with a flail of pain.
Unknown command.
There is a stone staircase leading up here.
The gnoll hits you with a flail of pain.
You climb upwards.
There is a stone staircase leading down here.
You see here 23 stones.
You closely miss the gnoll. The gnoll closely misses you.
You scratch the gnoll.
The gnoll is moderately wounded.
The gnoll hits you with a flail of pain!
* * * LOW HITPOINT WARNING * * *
You are too injured to fight recklessly!
You are too injured to fight recklessly!
The gnoll hits you with a flail of pain!
You die...

#....####.#.#.####.###### #.#
#.#.## ##...##...).....####.#
#.#.#######.###..............#
#.............)....##.#.######
####>..###.##.###.#.....#.#
#........#.##.###.#..####.#
#.##.###.#.##.....#....##.#
#.##.# #...##.g#######.##.#
#.##.###..#.##.@..#....##.#
#.##.(...###.####.#...###.##
#.##.####.#..#
#.#.(.###..##### ##(##.#
##.#.# #...............
...##.#
#.#.#######..###..#####
#####.## #.#(.........# #..#
##...####............# #..#
###..........).........# #..#
.......####(#########..###..#


You could see a gnoll.

Vanquished Creatures
  An adder (D:2)
  A dart slug (D:1)
  5 bats
  2 goblins (D:1)
  2 hobgoblins
  2 giant newts
  5 kobolds (D:1)
  2 rats (D:1)
20 creatures vanquished.

Notes
Turn   | Place    | Note
--------------------------------------------------------------
     0 | D:1      | epen the Ghoul Warper began the quest for the Orb.
     0 | D:1      | Reached XP level 1. HP: 17/17 MP: 2/2
   112 | D:1      | Reached skill level 1 in Throwing
   241 | D:1      | Reached XP level 2. HP: 25/25 MP: 3/3
   621 | D:2      | Reached skill level 3 in Translocations
   621 | D:2      | Reached XP level 3. HP: 19/30 MP: 5/5
   767 | D:1      | Mangled by a gnoll

Vault maps used:
D:1:      lightli_arrival_lavapool
D:2:      lemuel_round_altar

Skill      XL: |  1  2 |
---------------+-------+-----
Throwing       | 1 |  1.1
Spellcasting   | 2 |  2.1
Translocations | 3 |  3.1
Fighting       | |  2.4
Armour         | |  0.8
Dodging        | |  1.8
Unarmed Combat | |  2.4

Action                   || total
-------------------------++-------
Melee: Unarmed           ||    81
  Eat: Chunk             ||    11
Armor: Leather armour    ||    26
Dodge: Dodged            ||    62
